 Dungeon Crawl Stone Soup version 0.22-a0-601-gb0ed703 (webtiles) character file.

3144 Hebeh the Cleaver (level 9, -10/86 HPs)
             Began as a Minotaur Fighter on July 6, 2018.
             Was an Initiate of Trog.
             Mangled by Gastronok (23 damage)
             ... on level 7 of the Dungeon.
             The game lasted 00:20:57 (6719 turns).

Hebeh the Cleaver (Minotaur Fighter)                Turns: 6719, Time: 00:20:58

Health: -10/86     AC: 11    Str: 22    XL:     9   Next: 62%
Magic:  8/8        EV:  8    Int:  5    God:    Trog [......]
Gold:   390        SH: 12    Dex: 12    Spells: 8/8 levels left

rFire    . . .     SeeInvis .   a - +2 whip (flame)
rCold    . . .     Gourm    .   c - +1 shield
rNeg     . . .     Faith    .   g - +0 scale mail
rPois    .         Spirit   .   (helmet restricted)
rElec    .         Reflect  .   y - +0 cloak
rCorr    .         Harm     .   (no gloves)
MR       .....                  (no boots)
Stlth    ..........             (no amulet)
HPRegen  0.24/turn              (no ring)
MPRegen  0.11/turn              (no ring)

@: no status effects
A: retaliatory headbutt, horns 2, thin metallic scales 1, agile 1, robust 1,
weak 1
a: Renounce Religion


You were on level 7 of the Dungeon.
You worshipped Trog.
Trog was noncommittal.
You were not hungry.

You visited 2 branches of the dungeon, and saw 9 of its levels.

You collected 390 gold pieces.

Inventory:

Hand Weapons
 a - a +2 whip of flaming (weapon)
 b - a +1 hunting sling
 p - a +0 war axe
Missiles
 e - 264 stones
 h - 7 javelins (quivered)
 m - 8 sling bullets
 x - 6 silver javelins
Armour
 c - a +1 shield (worn)
 g - a +0 scale mail (worn)
 y - a +0 cloak (worn)
Jewellery
 A - an uncursed amulet of the acrobat {unknown}
Wands
 s - a wand of random effects (22)
 u - a wand of clouds (4)
Scrolls
 i - 2 scrolls of blinking
 j - a scroll of remove curse
 k - 4 scrolls of identify
 o - a scroll of holy word {unknown}
 q - a scroll of enchant armour
 z - 3 scrolls of teleportation
 B - 2 scrolls of fear
 C - a scroll of magic mapping {unknown}
 D - a scroll of enchant weapon
 E - a scroll of noise {unknown}
Potions
 d - 3 potions of might
 l - a potion of lignification
 n - 3 potions of magic {unknown}
 r - a potion of haste {unknown}
 t - 4 potions of heal wounds
 v - a potion of berserk rage {unknown}
 w - 2 potions of agility {unknown}
Comestibles
 f - 15 rations


   Skills:
 + Level 7.5 Fighting
 - Level 8.6(9.1) Axes
 * Level 4.3(7.0) Maces & Flails
 + Level 5.2 Throwing
 + Level 7.5 Armour
 + Level 7.5 Shields


You had 8 spell levels left.
You didn't know any spells.
Your spell library was empty.

Dungeon Overview and Level Annotations

Branches:
Dungeon (8/15)             Temple (1/1) D:7
   Lair: D:8-11

Altars:
Ashenzari
Cheibriados
Elyvilon
Fedhas
Gozag
Hepliaklqana
Kikubaaqudgha
Makhleb
Okawaru
Qazlal
Ru
Trog
Uskayaw
Vehumet
Xom
The Shining One
Beogh

Annotations:
D:7 Gastronok
D:8 Erica


Innate Abilities, Weirdness & Mutations

You reflexively headbutt those who attack you in melee.
You have a pair of horns on your head.
You are partially covered in thin metallic scales. (AC +2)
You are agile. (Dex +2)
You are robust. (+10% HP)
You are weak. (Str -2)


Message History

You are too injured to fight recklessly!
You are too injured to fight recklessly!
You are too injured to fight recklessly!
You hit Gastronok but do no damage.
Gastronok is heavily wounded.
You completely miss Gastronok.
Gastronok is heavily wounded.
You hit Gastronok. You burn Gastronok.
Gastronok is heavily wounded.
Gastronok bites you!
* * * LOW HITPOINT WARNING * * *
Your shield and scale mail prevent you from hitting Gastronok.
You headbutt Gastronok!
Gastronok is heavily wounded.
You hit Gastronok but do no damage.
Gastronok is heavily wounded.
You hit Gastronok. You burn Gastronok. Your headbutt misses Gastronok.
Gastronok is heavily wounded.
Gastronok bites you!!
You die...

####### #.....# #########
#.....###...#...##
#.....##.........##
#.....#...........#
#.....#.@.........#
##.....#w..........#
#......##......<..##
########......###.......##
...#.......#######...####
...............# #.#.#
####...##.########.#.#
####....#.# #..#.#
....#...#.# #.##.#


You could see Gastronok.

Vanquished Creatures
  Pikel (D:6)
  The ghost of sking99 the Ruffian, a novice VSTm of Cheibriados (D:4)
  Eustachio (D:6)
  2 water moccasins (D:7)
  An orc warrior (D:6)
  A phantom (D:6)
  A black bear (D:6)
  2 ice beasts
  A sky beast (D:6)
  3 ogres
  2 centaurs (D:5)
  A big kobold (D:7)
  2 bullfrogs (D:6)
  A water moccasin zombie (D:7)
  2 howler monkeys
  A crimson imp (D:5)
  3 hounds
  A quasit (D:6)
  2 centaur skeletons
  2 orc priests (D:5)
  3 bullfrog skeletons
  Natasha (thrice) (D:3)
  3 orc wizards
  An iguana (D:7)
  3 worker ants
  A hound zombie (D:6)
  A worker ant zombie (D:5)
  7 adders
  2 gnolls (D:1)
  A shadow imp (D:5)
  4 oozes
  An adder skeleton (D:6)
  3 dart slugs
  11 leopard geckos
  18 orcs
  4 bats (D:1)
  7 giant cockroaches
  7 goblins
  5 hobgoblins
  13 kobolds
  3 quokkas
  4 ball pythons
  10 frilled lizards
  A jackal skeleton (D:6)
  A leopard gecko skeleton (D:4)
  3 leopard gecko zombies
  4 rats
155 creatures vanquished.

Vanquished Creatures (others)
  A fungus (D:7)
  A plant (D:3)
2 creatures vanquished.

Grand Total: 157 creatures vanquished

Notes
Turn   | Place    | Note
-------+----------+-------------------------------------------
     0 | D:1      | Hebeh the Minotaur Fighter began the quest for the Orb.
     0 | D:1      | Reached XP level 1. HP: 19/19 MP: 0/0
    86 | D:1      | Reached XP level 2. HP: 27/27 MP: 1/1
    96 | D:1      | Reached skill level 3 in Axes
   131 | D:1      | Reached XP level 3. HP: 33/33 MP: 2/2
   393 | D:1      | Reached skill level 1 in Throwing
   836 | D:2      | Reached XP level 4. HP: 33/40 MP: 3/3
  1679 | D:3      | Reached skill level 4 in Axes
  1846 | D:3      | Noticed Natasha
  1854 | D:3      | Killed Natasha
  1877 | D:3      | Reached XP level 5. HP: 40/47 MP: 4/4
  2066 | D:3      | Found an iron altar of Okawaru.
  2298 | D:3      | Noticed Natasha
  2303 | D:3      | Killed Natasha
  2359 | D:3      | Noticed Natasha
  2365 | D:3      | Killed Natasha
  2618 | D:4      | Reached XP level 6. HP: 53/53 MP: 5/5
  2658 | D:4      | Reached skill level 5 in Axes
  2945 | D:5      | Entered Level 5 of the Dungeon
  3148 | D:5      | Reached skill level 5 in Fighting
  3148 | D:5      | Reached skill level 5 in Armour
  3166 | D:5      | Reached skill level 5 in Shields
  3411 | D:5      | Found a runed gate.
  3411 | D:5      | Found a runed gate.
  3411 | D:5      | Found a runed gate.
  3416 | D:5      | Noticed sking99's ghost (novice VSTm)
  3417 | D:5      | Found a roughly hewn altar of Beogh.
  3476 | D:5      | Reached XP level 7. HP: 51/61 MP: 6/6
  3537 | D:5      | Reached skill level 6 in Axes
  4071 | D:4      | Killed sking99's ghost
  4178 | D:5      | Reached XP level 8. HP: 70/70 MP: 7/7
  4314 | D:5      | Got a fine cloak
  4326 | D:5      | Identified the cursed -4 cloak of Ocicem {rC+ Dex-5 SInv} (You found it on level 5 of the Dungeon)
  4327 | D:5      | Gained mutation: You are robust. (+10% HP) [potion of mutation]
  4327 | D:5      | Gained mutation: You are weak. (Str -2) [potion of mutation]
  4327 | D:5      | Gained mutation: You are agile. (Dex +2) [potion of mutation]
  4327 | D:5      | Gained mutation: You are partially covered in thin metallic scales. (AC +2) [potion of mutation]
  4371 | D:6      | Reached skill level 7 in Axes
  5011 | D:6      | Noticed Pikel
  5025 | D:6      | Killed Pikel
  5025 | D:6      | Reached skill level 8 in Axes
  5025 | D:6      | Reached XP level 9. HP: 73/85 MP: 8/8
  5132 | D:6      | Reached skill level 1 in Maces & Flails
  5224 | D:6      | Noticed Eustachio
  5245 | D:6      | Killed Eustachio
  5884 | D:7      | Reached skill level 5 in Throwing
  5949 | D:7      | Found a staircase to the Ecumenical Temple.
  5958 | Temple   | Entered the Ecumenical Temple
  5985 | Temple   | Became a worshipper of Trog the Wrathful
  6704 | D:8      | Noticed Erica
  6704 | D:8      | Noticed Gastronok
  6719 | D:7      | Mangled by Gastronok

Vault maps used:
D:1:      sevenhm_arrival_forest_fort_large_4, minmay_heptomino_w4
D:2:      first_ration
D:3:      lemuel_doored_altar, lexackson_kobold_supper, uniq_natasha
D:5:      biasface_ghost_orc_armoury
D:6:      uniq_pikel, uniq_eustachio
D:7:      kennysheep_steamy, minmay_temple_entry_junction_2,
          kennysheep_generic_room_16
D:8:      minmay_imperfect_grid, uniq_erica, uniq_gastronok, uniq_maurice
Temple:   grunt_wide_crystal_templ

Skill      XL: |  1  2  3  4  5  6  7  8  9 |
---------------+----------------------------+-----
Axes           | 3 4 5 6 8 |  8.6
Shields        | 4 5 6 7 |  7.5
Fighting       | 4 5 6 7 |  7.5
Armour         | 4 5 6 7 |  7.5
Throwing       | 1 2 3 4 5 |  5.2
Maces & Flails | 4 |  4.3

Action                   |  1- 3 |  4- 6 |  7- 9 || total
-------------------------+-------+-------+-------++-------
Melee: War axe           |    56 |   166 |   101 ||   323
       Headbutt          |    11 |    30 |    57 ||    98
       Whip              |       |       |   169 ||   169
 Fire: Hunting sling     |     7 |       |       ||     7
Throw: Javelin           |     5 |       |       ||     5
  Use: Scroll            |       |    12 |     2 ||    14
       Potion            |       |       |     2 ||     2
  Eat: Chunk             |       |     7 |     8 ||    15
       Ration            |       |     1 |     1 ||     2
Armor: Scale mail        |    20 |    86 |    99 ||   205
Dodge: Dodged            |    32 |    41 |    66 ||   139
Block: Shield            |    30 |   105 |   141 ||   276

Table legend:
 A = Spawn XP
 B = Non-spawn XP
 C = Spawn XP percentage of total XP
 D = Spawn monster count
 E = Non-spawn monster count
 F = Spawn count percentage of total count
 G = Total turns spent on level
                    A         B        C        D         E        F      G
               +---------+---------+-------+---------+---------+-------+---------
         Total |       0 |    4492 |   0.0 |       0 |     155 |   0.0 |  6719
               +---------+---------+-------+---------+---------+-------+---------
           D:1 |       0 |      88 |   0.0 |       0 |      25 |   0.0 |   832
           D:2 |       0 |      65 |   0.0 |       0 |      18 |   0.0 |   841
           D:3 |       0 |     154 |   0.0 |       0 |      24 |   0.0 |   887
           D:4 |       0 |     461 |   0.0 |       0 |      17 |   0.0 |   562
           D:5 |       0 |     707 |   0.0 |       0 |      24 |   0.0 |  1241
           D:6 |       0 |    2124 |   0.0 |       0 |      28 |   0.0 |  1303
           D:7 |       0 |     893 |   0.0 |       0 |      19 |   0.0 |  1010
               +---------+---------+-------+---------+---------+-------+---------
